 Dungeon Crawl Stone Soup version 0.29-a0-923-g6e406bff71 (webtiles) character file.

Game seed: 7747829219995337231

2860 Rydiz the Caller (level 9, -2/91 HPs)
             Began as an Octopode Summoner on July 27, 2022.
             Slain by a manticore (6 damage)
             ... on level 6 of the Dungeon.
             The game lasted 00:16:35 (7513 turns).

Rydiz the Caller (Octopode Summoner)                Turns: 7513, Time: 00:16:36

Health: -2/91      AC: 24    Str:  8    XL:     9   Next: 75%
Magic:  12/15      EV:  2    Int: 27    God:
Gold:   355        SH:  0    Dex: 18    Spells: 6/16 levels left

rFire   . . .      SeeInvis .   a - +2 dagger (venom)
rCold   . . .      Faith    .   (no shield)
rNeg    . . .      Spirit   .   (helmet currently unavailable)
rPois   +          Reflect  .   e - amulet of regeneration
rElec   .          Harm     .   p - +6 ring of dexterity
rCorr   .          Rampage  .   x - ring of wizardry
Will    .....      NoTele   +   D - +6 ring of intelligence
Stlth   +++.......              (no ring)
HPRegen 1.05/turn               (no ring)
MPRegen 0.14/turn               (no ring)
                                (no ring)
                                (no ring)

@: tree-form
A: stationary, stasis, torment immunity, boosted hp, almost no armour,
(amphibious), 8 rings, (camouflage 1), (gelatinous body 1), (nimble swimmer 1),
(tentacles)
a: no special abilities


You were on level 6 of the Dungeon.
You were a tree.
You visited 1 branch of the dungeon, and saw 6 of its levels.

You collected 355 gold pieces.

Inventory:

Hand Weapons
 a - a +2 dagger of venom (weapon)
   (You took it off an orc on level 4 of the Dungeon)
 d - a +0 dagger
   (You found it on level 1 of the Dungeon)
 s - a +4 flail
   (You took it off an orc on level 3 of the Dungeon)
Missiles
 k - 5 javelins
 l - 3 boomerangs
 r - 3 throwing nets {!f}
Magical Staves
 b - a staff of air
   (You found it on level 1 of the Dungeon)
Jewellery
 e - an amulet of regeneration (around neck)
   (You found it on level 1 of the Dungeon)
 h - an amulet of the acrobat
   (You found it on level 1 of the Dungeon)
 m - a ring of fire
   (You found it on level 2 of the Dungeon)
 p - a +6 ring of dexterity (left branch)
   (You found it on level 2 of the Dungeon)
 x - a ring of wizardry (right branch)
   (You found it on level 5 of the Dungeon)
 D - a +6 ring of intelligence (on tentacle)
   (You found it on level 6 of the Dungeon)
Wands
 B - a wand of mindburst (9)
   (You found it on level 6 of the Dungeon)
 E - a wand of roots (2)
   (You found it on level 6 of the Dungeon)
Scrolls
 c - a scroll of enchant weapon {unknown}
 o - 2 scrolls of magic mapping {unknown}
 t - 5 scrolls of teleportation {@r4}
 u - 2 scrolls of fog {unknown}
 v - a scroll of fear {unknown}
 w - a scroll of blinking {unknown}
 y - a scroll of noise {unknown}
 A - a scroll of poison {unknown}
 C - a scroll of identify {@r1}
Potions
 f - 2 potions of mutation {!q}
 i - a potion of magic
 j - 3 potions of curing {@q1}
 n - a potion of might {unknown}
 q - a potion of attraction {unknown}
 z - a potion of heal wounds {unknown}


   Skills:
 + Level 5.6 Fighting
 + Level 6.0 Dodging
 - Level 5.0 Stealth
 - Level 4.0 Spellcasting
 - Level 7.0 Summonings
 - Level 7.0 Air Magic


You had 6 spell levels left.
You knew the following spells:

 Your Spells              Type           Power      Damage    Failure   Level
a - Summon Small Mammal   Summ           100%       N/A       1%          1
c - Call Canine Familiar  Summ           43%        N/A       1%          3
x - Call Imp              Summ           43%        N/A       1%          2
z - Summon Lightning Spi  Summ/Air       43%        N/A       1%          4

Your spell library contained the following spells:

 Spells                   Type           Power      Damage    Failure   Level
 Static Discharge         Conj/Air       24%        3-6/arc   1%          2
 Summon Guardian Golem    Hex/Summ       24%        N/A       2%          3
 Magic Dart               Conj           20%        1d4       3%          1
 Searing Ray              Conj           10%        2d4       4%          2
 Lightning Bolt           Conj/Air       12%        1d25      21%         5
 Fulminant Prism          Conj/Hex       2%         3d6       30%         4
 Maxwell's Capacitive Co  Air            21%        ∞         100%        8


Dungeon Overview and Level Annotations

Branches:
Dungeon (6/15) Zot: 25768  Temple (0/1) D:6

Altars:
Hepliaklqana
Nemelex Xobeh
Ru
Trog
Uskayaw
Wu Jian
Zin

Shops:
D:4 !

Annotations:
D:2 exclusion: Sigmund
D:6 2 runed translucent doors


Innate Abilities, Weirdness & Mutations

You are a tree.
Your roots penetrate the ground, keeping you stationary.
You cannot be teleported.
You are immune to unholy pain and torment.
Your maximum health is greatly increased.
You cannot wear most types of armour.
((You are amphibious.))
You can wear up to eight rings at the same time.
((Your skin changes colour to match your surroundings (Stealth+).))
((Your rubbery body absorbs attacks. (AC +1, EV +1)))
((You are camouflaged when in or above water. (Stealth+)))
((You have tentacles for arms and can constrict up to eight enemies at once.))


Message History

Your grab misses the orc wizard. The orc wizard misses you.
The manticore completely misses you. The manticore claws you.
The manticore misses you.
You hit the orc wizard.
The orc wizard looks as sick as possible!
Your grab misses the orc wizard.
The orc wizard hits you with a +0 dagger.
The manticore bites you!!
* * * LOW HITPOINT WARNING * * *
The manticore claws you!
* * * LOW HITPOINT WARNING * * *
The manticore claws you.
* * * LOW HITPOINT WARNING * * *
Really quaff
g - a potion of lignification {!q}?
Really quaff the potion of lignification?
You turn into a tree.
Your roots penetrate the ground.
The orc wizard barely misses you.
The manticore bites you but does no damage.
The manticore claws you but does no damage. x2
You hit the orc wizard.
The orc wizard looks as sick as possible!
You kill the orc wizard!
The manticore bites you but does no damage.
The manticore claws you but does no damage.
The manticore claws you.
* * * LOW HITPOINT WARNING * * *
Your lightning spire shoots out a bolt of lightning at the manticore!
The bolt of electricity hits the manticore!
You hit the manticore but do no damage.
The manticore is poisoned.
The manticore bites you.
* * * LOW HITPOINT WARNING * * *
The manticore claws you but does no damage. x2
You completely miss the manticore.
The manticore bites you but does no damage.
The manticore claws you but does no damage. x2
You hit the manticore.
The manticore looks even sicker.
The manticore bites you but does no damage.
The manticore claws you!
* * * LOW HITPOINT WARNING * * *
The manticore claws you but does no damage.
You hit the manticore. The manticore bites you.
* * * LOW HITPOINT WARNING * * *
The manticore barely misses you. The manticore claws you.
* * * LOW HITPOINT WARNING * * *
Your lightning spire shoots out a bolt of lightning at the manticore!
The bolt of electricity hits the manticore!
You feel better. The manticore bites you!
* * * LOW HITPOINT WARNING * * *
The manticore claws you.
You die...

#.#.##.#.##..###.#..#.#..##.###
#.#.#.##[##|##÷#.#....##.##.#..
#.##)..######.#.##..#.........#
#..###'# #'###...#......[..#
##.....######..................
##.#.##8:$8##................#
#...#8....8#.##.............#
#..)+......H..8..#...........
#.#.+......)♣#..............#
#.#.#8....8#.###.....#......#
#.#.##8!=8##.###.....#...#...
#.#..######..##......##..##..
#.##........###..#...##......
#.#####.######..##....#......
#..........................##
#############.....###.......[
#####..#..###......#


You could see a manticore (very poisoned, ally target) and a friendly lightning
spire (summoned).

Vanquished Creatures
  Prince Ribbit (D:5)
  Grinder (D:5)
  A yak (D:6)
  Menkaure (D:5)
  3 phantoms
  A bullfrog (D:6)
  3 scorpions
  2 hounds
  A gnoll bouda (D:6)
  A jelly (D:6)
  6 iguanas
  3 orc wizards
  4 gnolls (D:4)
  3 adders
  A worm (D:5)
  3 dart slugs
  11 orcs
  5 ball pythons
  5 bats
  3 endoplasms
  4 giant cockroaches
  2 goblins
  3 jackals (D:4)
  2 quokkas (D:4)
  2 frilled lizards
  2 kobolds
  7 rats
81 creatures vanquished.

Vanquished Creatures (collateral kills)
  A troll (D:6)
  Sigmund (D:2)
  A steam dragon (D:6)
  A black bear (D:6)
  An ogre (D:6)
  3 kobold brigands (D:6)
  A bullfrog (D:6)
  A scorpion (D:4)
  Crazy Yiuf (D:5)
  An iguana (D:5)
  4 orc wizards
  11 gnolls
  A worm (D:2)
  8 orcs
  A bat (D:1)
  2 endoplasms (D:4)
  A hobgoblin (D:2)
  2 kobolds (D:6)
  A quokka (D:1)
  A rat (D:2)
44 creatures vanquished.

Vanquished Creatures (others)
  4 plants (D:4)
4 creatures vanquished.

Grand Total: 129 creatures vanquished

Notes
Turn   | Place    | Note
-------+----------+-------------------------------------------
     0 | D:1      | Rydiz the Octopode Summoner began the quest for the Orb.
     0 | D:1      | Reached XP level 1. HP: 11/11 MP: 3/3
   414 | D:1      | Reached XP level 2. HP: 17/17 MP: 5/5
   490 | D:1      | Learned a level 2 spell: Call Imp
  1036 | D:2      | Noticed Sigmund
  1516 | D:2      | Reached XP level 3. HP: 21/21 MP: 1/6
  1518 | D:2      | Reached skill level 5 in Summonings
  1562 | D:2      | Learned a level 3 spell: Call Canine Familiar
  1562 | D:2      | Found a hide-covered altar of Uskayaw.
  2252 | D:2      | Killed Sigmund
  2253 | D:2      | Reached XP level 4. HP: 27/27 MP: 1/7
  2253 | D:2      | Reached XP level 5. HP: 31/31 MP: 1/8
  2628 | D:3      | Reached XP level 6. HP: 36/36 MP: 6/9
  2996 | D:3      | Identified the +3 leather armour of Duty {rN+}
  3190 | D:3      | Found a glowing silver altar of Zin.
  3660 | D:4      | Reached skill level 1 in Air Magic
  3744 | D:4      | Reached XP level 7. HP: 25/41 MP: 11/11
  3963 | D:4      | Found an ornate altar of the Wu Jian Council.
  4075 | D:4      | Found a sacrificial altar of Ru.
  4542 | D:4      | Found Jisaeffuahi's Distillery.
  4871 | D:4      | Found a faded altar of an unknown god.
  4872 | D:4      | Found a faded altar of an unknown god.
  4872 | D:4      | Found a faded altar of an unknown god.
  4873 | D:4      | Found a hazy altar of Hepliaklqana.
  5078 | D:5      | Entered Level 5 of the Dungeon
  5224 | D:5      | Noticed Grinder
  5248 | D:5      | Killed Grinder
  5249 | D:5      | Reached skill level 5 in Stealth
  5249 | D:5      | Reached skill level 5 in Air Magic
  5249 | D:5      | Reached XP level 8. HP: 39/46 MP: 3/12
  5254 | D:5      | Learned a level 4 spell: Summon Lightning Spire
  5469 | D:5      | Noticed a yak
  5489 | D:5      | Noticed Prince Ribbit
  5496 | D:5      | Reached skill level 1 in Fighting
  5502 | D:5      | Killed Prince Ribbit
  5674 | D:5      | Noticed Menkaure
  5679 | D:5      | Killed Menkaure
  5963 | D:5      | Found a runed translucent door.
  5964 | D:5      | Noticed Crazy Yiuf
  6185 | D:5      | Killed Crazy Yiuf
  6479 | D:6      | Reached XP level 9. HP: 38/57 MP: 11/15
  6512 | D:6      | Found a large runed translucent door.
  6513 | D:6      | Found a large runed translucent door.
  6726 | D:6      | Found a staircase to the Ecumenical Temple.
  6888 | D:6      | Found a large runed translucent door.
  6890 | D:6      | Found a large runed translucent door.
  6892 | D:6      | Noticed a manticore
  7023 | D:6      | Noticed a troll
  7031 | D:6      | HP: 4/87 [troll (8)]
  7034 | D:6      | Killed a troll
  7255 | D:6      | Found a bloodstained altar of Trog.
  7284 | D:6      | Reached skill level 5 in Dodging
  7301 | D:6      | Reached skill level 5 in Fighting
  7471 | D:6      | Found a sparkling altar of Nemelex Xobeh.
  7512 | D:6      | HP: 4/91 [manticore (6)]
  7513 | D:6      | Slain by a manticore

Illustrated notes

Levels and vault maps discovered:
D:1:      elethiomel_arrival_shortcut, layout_basic, serial_glass,
          glass_columns_b, glass_columns_c, glass_columns_a, glass_columns_b,
          glass_columns_a, glass_columns_c, corexii_leaking_fountain
D:2:      layout_basic, basic_altar, uniq_sigmund
D:3:      layout_loops_corners, lemuel_crystal_altar
D:4:      layout_loops_ring, nicolae_hepliaklqana_ecumenical_no_more,
          mainiacjoe_overflow_brackets, nzn_wu_jian_contemplation, serial_shops,
          nicolae_shop_behind_doors
D:5:      layout_basic, lightli_corner_chamber, uniq_menkaure, uniq_grinder,
          uniq_crazy_yiuf_cottage, uniq_prince_ribbit1
D:6:      layout_cave_pools, lightli_temple_of_fire,
          nemelex_diamond_rough_becter, minmay_temple_entry_from_below_a,
          minmay_hollow_rounded_squares

Skill      XL: |  1  2  3  4  5  6  7  8  9 |
---------------+----------------------------+-----
Summonings     | 6 7 |  7.0
Spellcasting   | 3 4 |  4.0
Air Magic      | 2 5 6 7 |  7.0
Stealth        | 5 |  5.0
Fighting       | 3 5 |  5.6
Dodging        | 4 6 |  6.0

Action                   |  1- 3 |  4- 6 |  7- 9 || total
-------------------------+-------+-------+-------++-------
Melee: Dagger            |    41 |    26 |   105 ||   172
       Constrict         |    10 |    13 |    20 ||    43
       Tentacles         |    10 |    10 |    31 ||    51
       Flail             |       |    26 |       ||    26
       Punch             |       |       |     2 ||     2
       Staff             |       |       |    16 ||    16
 Cast: Summon Small Mamm |    10 |       |       ||    10
       Call Imp          |     4 |     1 |     6 ||    11
       Call Canine Famil |     3 |     5 |    13 ||    21
       Summon Lightning  |       |       |    18 ||    18
  Use: Scroll            |     2 |     1 |     2 ||     5
       Potion            |     1 |       |     4 ||     5
 Stab: Sleeping          |     9 |     7 |    11 ||    27
       Distracted        |     1 |       |     4 ||     5
Armor: Skin              |     1 |     2 |    25 ||    28
Dodge: Dodged            |    17 |    33 |   102 ||   152

Table legend: (Time is in decaauts)
 A = Elapsed time spent in this place.
 B = Non-inter-level travel time spent in this place.
 C = Inter-level travel time spent in this place.
 D = Time resting spent in this place.
 E = Time spent auto-exploring this place.
 F = Levels seen in this place.
 G = Mean time per level.
                   A        B        C        D        E       F      G
               +--------+--------+--------+--------+--------+-----+--------+
         Total |   7519 |   7348 |    171 |   1322 |   4862 |   6 | 1253.2 |
       Dungeon |   7519 |   7348 |    171 |   1322 |   4862 |   6 | 1253.2 |
               +--------+--------+--------+--------+--------+-----+--------+

Top non-repeatable levels by time:
     D:4: 1710 daAuts
     D:2: 1405 daAuts
     D:6: 1230 daAuts
     D:5: 1203 daAuts
     D:3: 1058 daAuts
     D:1: 910 daAuts
